 Dungeon Crawl Stone Soup version 0.22-a0-803-gd6d8abe (webtiles) character file.

270 opiumtea the Magician (level 6, -1/44 HPs)
             Began as a Gnoll Wizard on July 22, 2018.
             Was an Initiate of Ashenzari.
             Killed by divine providence
             ... invoked by an orc priest
              (17 damage)
             ... on level 4 of the Dungeon.
             The game lasted 00:16:40 (4509 turns).

opiumtea the Magician (Gnoll Wizard)                Turns: 4509, Time: 00:16:41

Health: -1/44      AC:  3    Str:  9    XL:     6   Next: 22%
Magic:  1/16       EV: 14    Int: 23    God:    Ashenzari [......]
Gold:   119        SH:  0    Dex: 13    Spells: 6/19 levels left

rFire    . . .     SeeInvis .   h - +0 spear
rCold    . . .     Gourm    .   (no shield)
rNeg     . . .     Faith    .   a - +0 robe
rPois    .         Spirit   .   b - +0 hat
rElec    .         Reflect  .   k - +0 cloak
rCorr    .         Harm     .   (no gloves)
MR       .....                  (no boots)
Stlth    +++.......             (no amulet)
HPRegen  0.14/turn              (no ring)
MPRegen  0.15/turn              (no ring)

@: no status effects
A: distributed training, fangs 1, strong nose
a: Curse Item, Renounce Religion


You were on level 4 of the Dungeon.
You worshipped Ashenzari.
Ashenzari was noncommittal.
You were not hungry.

You visited 1 branch of the dungeon, and saw 4 of its levels.

You collected 119 gold pieces.

Inventory:

Hand Weapons
 e - a +0 dagger
 h - a +0 spear (weapon)
Armour
 a - a +0 robe (worn)
 b - a +0 hat (worn)
 k - a +0 cloak (worn)
Wands
 l - a wand of disintegration (17)
Scrolls
 f - a scroll of enchant armour
 g - 2 scrolls of teleportation
 n - a scroll of remove curse
Potions
 c - a potion of lignification
 m - a potion of degeneration {unknown}
Comestibles
 d - 5 rations
 i - a chunk of flesh


   Skills:
 + Level 1.8 Fighting
 + Level 1.8 Short Blades
 + Level 1.8 Long Blades
 + Level 1.8 Axes
 + Level 1.8 Maces & Flails
 + Level 1.8 Polearms
 + Level 1.8 Staves
 + Level 1.8 Slings
 + Level 1.8 Bows
 + Level 1.8 Crossbows
 + Level 1.8 Throwing
 + Level 1.8 Armour
 + Level 4.9 Dodging
 + Level 4.5 Stealth
 + Level 1.8 Shields
 + Level 1.8 Unarmed Combat
 + Level 7.4 Spellcasting
 + Level 2.5 Conjurations
 + Level 1.4 Hexes
 + Level 1.4 Charms
 + Level 2.5 Summonings
 + Level 1.4 Necromancy
 + Level 2.5 Translocations
 + Level 1.4 Transmutations
 + Level 1.4 Fire Magic
 + Level 1.4 Ice Magic
 + Level 1.4 Air Magic
 + Level 1.4 Earth Magic
 + Level 1.4 Poison Magic
 + Level 2.0 Invocations
 + Level 1.8 Evocations


You had 6 spell levels left.
You knew the following spells:

 Your Spells              Type           Power        Failure   Level  Hunger
a - Magic Dart            Conj           ###.         2%          1    None
b - Blink                 Tloc           N/A          3%          2    None
c - Slow                  Hex            ###.....     6%          2    None
d - Call Imp              Summ           ###.....     3%          2    None
e - Conjure Flame         Conj/Fire      ###.....     10%         3    None
f - Mephitic Cloud        Conj/Pois/Air  ###.....     11%         3    None

Your spell library contained the following spells:

 Spells                   Type           Power        Failure   Level  Hunger


Dungeon Overview and Level Annotations

Branches:
Dungeon (4/15)
 Temple: D:4-7

Altars:
Ashenzari
Fedhas
Kikubaaqudgha


Innate Abilities, Weirdness & Mutations

Your experience applies equally to all skills.
You have very sharp teeth.
Your uncanny sense of smell can sniff out nearby items.


Message History

Confirm with . or Enter, or press ? or * to list all spells.
Aiming: Magic Dart (safe; 2% risk of failure)
Press: ? - help, Shift-Dir - straight line, f - orc priest
Aim: an orc priest, wielding an enchanted hand axe The magic dart hits the orc priest.
The orc priest is heavily wounded.
Casting: Magic Dart (safe; 2% risk of failure)
Confirm with . or Enter, or press ? or * to list all spells.
Aiming: Magic Dart (safe; 2% risk of failure)
Press: ? - help, Shift-Dir - straight line, f/p - orc priest
Aim: an orc priest, wielding an enchanted hand axe (heavily wounded)
The magic dart hits the orc priest.
The orc priest is almost dead.
The orc priest calls down the wrath of Beogh upon you.
Pain shoots through your body!
You barely miss the orc priest.
The orc priest is almost dead.
The orc priest mumbles some strange prayers to Beogh against you.
Beogh smites you!
You die...

###..##...
##<...o...
#.....#####
#..........
#.....#####
##......#
##.###.#
.########.#
.#
...).).@o.#
#
###########
∆


You could see an orc priest.

Vanquished Creatures
  An iguana (D:3)
  2 orc priests
  An orc wizard (D:4)
  4 adders
  2 worms
  5 dart slugs
  3 leopard geckos
  7 orcs
  4 bats
  4 giant cockroaches
  7 goblins
  7 hobgoblins
  8 kobolds
  A quokka (D:2)
  3 ball pythons
  4 frilled lizards
  7 rats
70 creatures vanquished.

Vanquished Creatures (collateral kills)
  An orc wizard (D:3)
  2 adders
  A worm (D:2)
  An orc (D:3)
  A bat (D:3)
  A hobgoblin (D:3)
  A kobold (D:3)
  A frilled lizard (D:3)
9 creatures vanquished.

Grand Total: 79 creatures vanquished

Notes
Turn   | Place    | Note
-------+----------+-------------------------------------------
     0 | D:1      | opiumtea the Gnoll Wizard began the quest for the Orb.
     0 | D:1      | Reached XP level 1. HP: 13/13 MP: 8/8
   573 | D:1      | Reached XP level 2. HP: 19/19 MP: 3/10
   577 | D:1      | Learned a level 2 spell: Blink
   580 | D:1      | Learned a level 2 spell: Slow
  1069 | D:1      | Reached XP level 3. HP: 25/25 MP: 7/11
  1102 | D:1      | Learned a level 2 spell: Call Imp
  1106 | D:1      | Learned a level 3 spell: Conjure Flame
  1110 | D:1      | Learned a level 3 spell: Mephitic Cloud
  1654 | D:2      | Found an ancient bone altar of Kikubaaqudgha.
  1724 | D:2      | Reached skill level 1 in Invocations
  1886 | D:2      | Reached skill level 1 in Fighting
  1886 | D:2      | Reached skill level 1 in Short Blades
  1886 | D:2      | Reached skill level 1 in Long Blades
  1886 | D:2      | Reached skill level 1 in Axes
  1886 | D:2      | Reached skill level 1 in Maces & Flails
  1886 | D:2      | Reached skill level 1 in Polearms
  1886 | D:2      | Reached skill level 1 in Staves
  1886 | D:2      | Reached skill level 1 in Slings
  1886 | D:2      | Reached skill level 1 in Bows
  1886 | D:2      | Reached skill level 1 in Crossbows
  1886 | D:2      | Reached skill level 1 in Throwing
  1886 | D:2      | Reached skill level 1 in Armour
  1886 | D:2      | Reached skill level 1 in Shields
  1886 | D:2      | Reached skill level 1 in Unarmed Combat
  1886 | D:2      | Reached skill level 1 in Evocations
  2020 | D:2      | Reached XP level 4. HP: 29/32 MP: 8/13
  2215 | D:2      | Found a shattered altar of Ashenzari.
  2244 | D:2      | Became a worshipper of Ashenzari the Shackled
  2938 | D:3      | Reached skill level 1 in Hexes
  2938 | D:3      | Reached skill level 1 in Charms
  2938 | D:3      | Reached skill level 1 in Necromancy
  2938 | D:3      | Reached skill level 1 in Transmutations
  2938 | D:3      | Reached skill level 1 in Fire Magic
  2938 | D:3      | Reached skill level 1 in Ice Magic
  2938 | D:3      | Reached skill level 1 in Air Magic
  2938 | D:3      | Reached skill level 1 in Earth Magic
  2938 | D:3      | Reached skill level 1 in Poison Magic
  2970 | D:3      | Reached XP level 5. HP: 34/37 MP: 11/14
  3795 | D:3      | Found a blossoming altar of Fedhas.
  4365 | D:4      | Noticed an ice beast
  4365 | D:4      | Noticed a phantom
  4499 | D:4      | Reached XP level 6. HP: 23/44 MP: 2/16
  4509 | D:4      | Killed from afar by an orc priest

Vault maps used:
D:1:      dpeg_arrival_tiny_a
D:2:      kiku_gazebo_garden_becter, nicolae_overflow_crystal_walls,
          minmay_misc_feat_tower
D:3:      fedhas_altar_4
D:4:      minmay_temple_entry_mist, portal_sewer_entry_d,
          kennysheep_generic_room_3

Skill      XL: |  1  2  3  4  5 |
---------------+----------------+-----
Conjurations   | 2 |  2.5
Summonings     | 2 |  2.5
Translocations | 2 |  2.5
Invocations    | 1 2 |  2.0
Fighting       | 1 |  1.8
Short Blades   | 1 |  1.8
Long Blades    | 1 |  1.8
Axes           | 1 |  1.8
Maces & Flails | 1 |  1.8
Polearms       | 1 |  1.8
Staves         | 1 |  1.8
Slings         | 1 |  1.8
Bows           | 1 |  1.8
Crossbows      | 1 |  1.8
Throwing       | 1 |  1.8
Armour         | 1 |  1.8
Shields        | 1 |  1.8
Unarmed Combat | 1 |  1.8
Evocations     | 1 |  1.8
Hexes          | 1 |  1.4
Charms         | 1 |  1.4
Necromancy     | 1 |  1.4
Transmutations | 1 |  1.4
Fire Magic     | 1 |  1.4
Ice Magic      | 1 |  1.4
Air Magic      | 1 |  1.4
Earth Magic    | 1 |  1.4
Poison Magic   | 1 |  1.4
Dodging        | |  4.9
Stealth        | |  4.5
Spellcasting   | |  7.4

Action                   |  1- 3 |  4- 6 || total
-------------------------+-------+-------++-------
Melee: Unarmed           |    15 |       ||    15
       Dagger            |     4 |       ||     4
       Spear             |     2 |    48 ||    50
       Bite              |       |     2 ||     2
       Punch             |       |     1 ||     1
 Cast: Magic Dart        |    71 |   116 ||   187
       Call Imp          |     2 |     6 ||     8
       Conjure Flame     |       |     4 ||     4
       Mephitic Cloud    |       |     2 ||     2
       Blink             |       |     6 ||     6
       Slow              |       |     1 ||     1
Evoke: Wand              |       |     1 ||     1
  Use: Scroll            |       |     6 ||     6
 Stab: Sleeping          |     2 |     1 ||     3
  Eat: Chunk             |     3 |     8 ||    11
Armor: Robe              |     4 |     9 ||    13
Dodge: Dodged            |    22 |    42 ||    64

Table legend:
 A = Spawn XP
 B = Non-spawn XP
 C = Spawn XP percentage of total XP
 D = Spawn monster count
 E = Non-spawn monster count
 F = Spawn count percentage of total count
 G = Total turns spent on level
                    A         B        C        D         E        F      G
               +---------+---------+-------+---------+---------+-------+---------
         Total |       0 |     387 |   0.0 |       0 |      79 |   0.0 |  4509
               +---------+---------+-------+---------+---------+-------+---------
           D:1 |       0 |      38 |   0.0 |       0 |      19 |   0.0 |  1359
           D:2 |       0 |      68 |   0.0 |       0 |      23 |   0.0 |  1362
           D:3 |       0 |     179 |   0.0 |       0 |      30 |   0.0 |  1703
           D:4 |       0 |     102 |   0.0 |       0 |       7 |   0.0 |    85
               +---------+---------+-------+---------+---------+-------+---------
